 Dungeon Crawl Stone Soup version 0.27.1-34-g3ba077fa99 (webtiles) character file.

Game seed: 11483271710175212804

68341 pkoi the Black Belt (level 14, -3/122 HPs)
             Began as a Pale Draconian Monk on Jan 3, 2022.
             Was the Champion of the Shining One.
             Slain by a two-headed ogre (8 damage)
             ... on level 1 of the Orcish Mines on Jan 4, 2022.
             The game lasted 00:50:18 (29487 turns).

pkoi the Black Belt (Pale Draconian Monk)          Turns: 29487, Time: 00:50:18

Health: -3/122     AC: 18    Str: 14    XL:     14   Next: 86%
Magic:  10/22      EV: 16    Int: 18    God:    the Shining One [******]
Gold:   1119       SH:  0    Dex: 14    Spells: 10/24 levels left

rFire    . . .     SeeInvis .     - Unarmed
rCold    . . .     Faith    .   (no shield)
rNeg     + + +     Spirit   .   (armour unavailable)
rPois    .         Reflect  .   b - +2 hat
rElec    .         Harm     .   d - +1 cloak
rCorr    .         Rampage  .   O - +0 pair of gloves
Will     +++..                  s - +0 pair of boots
Stlth    +.........             (no amulet)
HPRegen  0.30/turn              n - +4 ring of protection
MPRegen  0.18/turn              I - ring of the Mage {Wiz Will++ Int+3}

@: glowing, studying Summonings
A: breathe steam, AC +8, unfitting armour, cold-blooded, steam resistance
a: Breathe Steam, Renounce Religion, Divine Shield, Cleansing Flame, Summon
Divine Warrior, Brand Weapon With Holy Wrath


You were on level 1 of the Orcish Mines.
You worshipped the Shining One.
The Shining One was exalted by your worship.
You visited 4 branches of the dungeon, and saw 22 of its levels.
You also visited: Ossuary.

You collected 1744 gold pieces.
You spent 625 gold pieces at shops.

Inventory:

Missiles
 f - 106 poisoned darts (quivered)
 w - 11 curare-tipped darts
 x - 3 atropa-tipped darts
Armour
 b - a +2 hat (worn)
 d - a +1 cloak (worn)
 s - a +0 pair of boots (worn)
 O - a +0 pair of gloves (worn)
Jewellery
 a - a +6 ring of dexterity
 e - a +6 ring of strength
 n - a +4 ring of protection (left hand)
 z - the amulet of Abstinence {Spirit rF- Regen+ rCorr Slay+5}
   (You found it on level 6 of the Dungeon)

   [amulet of guardian spirit]

   It causes incoming damage to be divided between your reserves of health and
   magic.
   Slay:      It affects your accuracy & damage with ranged weapons and melee
   (+5).
   rF:        It makes you vulnerable to fire.
   Regen:     It increases your rate of health regeneration.
   rCorr:     It protects you from acid and corrosion.
 H - a ring of ice
 I - the ring of the Mage (right hand) {Wiz Will++ Int+3}
   (You took it off a spriggan on level 6 of the Lair of Beasts)

   [ring of wizardry]

   It improves your spell success rate.
   Int:       It affects your intelligence (+3).
   Will:      It greatly increases your willpower.
 J - a ring of protection from cold
 M - a ring of wizardry
Wands
 j - a wand of charming (6)
 r - a wand of flame (45)
 A - a wand of digging (6)
 C - a wand of paralysis (16)
 D - a wand of iceblast (35)
 E - a wand of mindburst (10)
Scrolls
 c - 2 scrolls of enchant weapon
 t - 4 scrolls of fear
 u - 3 scrolls of fog
 v - 7 scrolls of identify
 y - 4 scrolls of enchant armour
 F - 3 scrolls of teleportation
 K - a scroll of summoning
 L - a scroll of blinking
 N - a scroll of torment {unknown}
Potions
 g - 4 potions of brilliance
 h - 4 potions of heal wounds
 k - 8 potions of haste
 m - 5 potions of might
 o - a potion of cancellation
 p - 3 potions of resistance
 q - 6 potions of curing
 B - 4 potions of flight
 G - 2 potions of berserk rage


   Skills:
 + Level 10.3 Fighting
 + Level 10.0 Dodging
 - Level 1.7 Stealth
 + Level 19.2 Unarmed Combat
 - Level 5.8 Spellcasting
 + Level 10.9 Summonings
 + Level 5.3 Translocations
 - Level 4.2 Ice Magic
 - Level 2.7 Air Magic
 - Level 6.7 Invocations
 - Level 3.0 Evocations


You had 10 spell levels left.
You knew the following spells:

 Your Spells              Type           Power      Damage    Failure   Level
a - Summon Ice Beast      Ice/Summ       32%        N/A       2%          4
b - Swiftness             Air            15%        N/A       4%          3
c - Blink                 Tloc           N/A        N/A       1%          2
d - Manifold Assault      Tloc           24%        N/A       16%         5

Your spell library contained the following spells:

 Spells                   Type           Power      Damage    Failure   Level
 Call Imp                 Summ           44%        N/A       1%          2
 Lesser Beckoning         Tloc           12%        N/A       1%          3
 Magic Dart               Conj           20%        1d4       4%          1
 Sandblast                Erth           10%        2d5       4%          1
 Sting                    Tmut/Pois      20%        1d4       4%          1
 Passwall                 Tmut/Erth      4%         N/A       8%          2
 Slow                     Hex            5%         N/A       8%          2
 Mephitic Cloud           Conj/Pois/Air  8%         N/A       11%         3
 Confusing Touch          Hex            5%         N/A       16%         3
 Conjure Flame            Conj/Fire      5%         6-21      16%         3
 Ignite Poison            Fire/Tmut/Pois 5%         N/A       16%         3
 Inner Flame              Hex/Fire       5%         N/A       16%         3
 Vampiric Draining        Necr           2%         2d6       16%         3
 Cause Fear               Hex            2%         N/A       43%         4
 Olgreb's Toxic Radiance  Pois           5%         N/A       43%         4
 Sticky Flame             Conj/Fire      5%         2d3       43%         4
 Metabolic Englaciation   Hex/Ice        6%         N/A       47%         5
 Alistair's Intoxication  Tmut/Pois      3%         N/A       77%         5
 Borgnjor's Vile Clutch   Necr/Erth      2%         N/A       77%         5
 Eringya's Noxious Bog    Tmut/Pois      2%         N/A       99%         6
 Invisibility             Hex            2%         N/A       99%         6
 Ozocubu's Refrigeration  Ice            10%        4d7       99%         7
 Discord                  Hex            2%         N/A       100%        8
 Ignition                 Fire           2%         3d3       100%        8
 Lehudib's Crystal Spear  Conj/Erth      2%         10d2      100%        8


Dungeon Overview and Level Annotations

Branches:
Dungeon (13/15)            Temple (1/1) D:4            Lair (6/6) D:8
 Shoals (0/4) Lair:3       Spider (0/4) Lair:4        Slime (0/5) Lair:6
    Orc (2/2) D:11         Vaults (0/5) D:13        Ossuary (visited)
    Elf: Orc:2

Altars:
Ashenzari
Cheibriados
Dithmenos
Elyvilon
Fedhas
Gozag
Hepliaklqana
Kikubaaqudgha
Makhleb
Nemelex Xobeh
Okawaru
Qazlal
Ru
Sif Muna
Trog
Uskayaw
Vehumet
Wu Jian
Xom
Yredelemnul
Zin
The Shining One
Jiyva
Lugonu

Shops:
D:2 !   D:3 (   D:13 ?   Orc:2 :[([

Portals:
Abyss: Lair:6

Annotations:
Lair:1 1 exclusion
Lair:3 exclusion: 4 oklob plants


Innate Abilities, Weirdness & Mutations

You can breathe blasts of scalding, opaque steam.
Your pale cyan-grey scales are hard. (AC +8)
You cannot fit into any form of body armour.
You are cold-blooded and may be slowed by cold attacks.
You are immune to the effects of steam.


Message History

You climb upwards.
There is a stone staircase leading down, spattered with blood here.
Casting: Summon Ice Beast (mildly dangerous; 2% risk of failure)
Confirm with . or Enter, or press ? or * to list all spells.
A chill wind blows around you.
The two-headed ogre completely misses you.
The two-headed ogre misses you.
You punch the two-headed ogre! Your punch misses the two-headed ogre.
The two-headed ogre is lightly wounded.
The two-headed ogre hits you with a +0 giant club!
* * * LOW HITPOINT WARNING * * *
The two-headed ogre misses you.
You hit the two-headed ogre.
The two-headed ogre is moderately wounded.
Your ice beast hits the two-headed ogre.
Your ice beast freezes the two-headed ogre!
The two-headed ogre hits you with a +0 giant spiked club!!
The Shining One protects you from harm! The two-headed ogre closely misses you.
You pummel the two-headed ogre!!
The two-headed ogre is severely wounded.
The two-headed ogre hits you with a +0 giant club.
* * * LOW HITPOINT WARNING * * *
The two-headed ogre hits you with a +0 giant club.
* * * LOW HITPOINT WARNING * * *
You feel much better.
Your ice beast closely misses the two-headed ogre.
The two-headed ogre misses you. The two-headed ogre barely misses you.
The two-headed ogre hits you with a +0 giant club!!
* * * LOW HITPOINT WARNING * * *
The two-headed ogre barely misses you.
Your ice beast hits the two-headed ogre but does no damage.
You pummel the two-headed ogre!!
You kill the two-headed ogre!
Your ice beast closely misses the two-headed ogre.
You punch the two-headed ogre! x2
The two-headed ogre is heavily wounded.
The two-headed ogre barely misses you.
The two-headed ogre hits you with a +0 giant club!
You die...

### ## ###.##
##..#.#.>##
#.....[.O@##
#.....[Y)..#
#.^....#[..##
##..#####).#####
... #...##.# ..
.#####.....## .
.........###
.........#
........##


You could see a two-headed ogre (ally target) and a friendly ice beast
(summoned).

Vanquished Creatures
  Snorg (Lair:4)
  3 hydras
  An ice dragon (D:9)
  3 ogre magi (Orc:2)
  A death yak (Lair:3)
  4 centaur warriors
  11 two-headed ogres
  4 thrashing horrors (Lair:6)
  A tengu warrior (D:8)
  Sonja (D:11)
  A lindwurm (Lair:5)
  A wizard (D:13)
  A deep elf pyromancer (D:13)
  3 ugly things (Lair:6)
  A wolf spider (D:13)
  An orc knight (D:11)
  A manticore (D:13)
  6 cyclopes
  3 black mambas
  2 smoke demons (Lair:6)
  A water nymph (shapeshifter) (Lair:6)
  A gargoyle (D:13)
  11 cane toads
  An unseen horror (shapeshifter) (Lair:6)
  An unseen horror (D:11)
  2 rime drakes
  A yaktaur (D:11)
  2 tengu conjurers (D:13)
  7 komodo dragons
  An ancient zyme (Lair:6)
  An efreet (D:8)
  7 trolls
  7 slime creatures (D:13)
  A blink frog (shapeshifter) (Lair:6)
  25 blink frogs
  4 dream sheep (Lair:5)
  A spriggan (Lair:6)
  A vampire (D:11)
  A tarantella (Lair:4)
  6 wyverns
  A shadow (D:9)
  A hog (shapeshifter) (D:13)
  44 yaks
  Eustachio (D:5)
  15 humans (D:13)
  A large abomination (Lair:6)
  6 basilisks (Lair:6)
  2 steam dragons
  2 chaos spawn (Lair:6)
  2 vampire mosquitoes (D:13)
  2 wargs (Orc:1)
  12 water moccasins
  2 acid dragons
  7 small abominations (Lair:6)
  A hornet zombie (D:5)
  2 black bears
  10 orc warriors
  4 necrophages
  11 wolves
  14 centaurs
  18 ogres
  19 bullfrogs
  3 elf zombies (D:4)
  A kobold brigand (D:10)
  A gnoll sergeant (D:11)
  A scorpion (D:5)
  2 elf skeletons (D:4)
  A water moccasin zombie (D:5)
  A wyvern skeleton (D:7)
  17 killer bees
  5 howler monkeys
  8 wights
  An electric eel (Lair:1)
  A bullfrog zombie (D:5)
  A centaur zombie (D:9)
  A hound (D:5)
  3 jellies
  A human zombie (D:4)
  10 orc priests
  An iron imp (D:6)
  A gnoll shaman (D:7)
  A bullfrog skeleton (D:6)
  2 human skeletons (D:4)
  5 iguanas
  4 orc wizards
  A killer bee zombie (D:9)
  A hound skeleton (D:5)
  A hound zombie (D:3)
  12 mummies (Ossuary)
  A howler monkey zombie (D:9)
  Robin (D:3)
  9 adders
  11 gnolls
  A nameless horror (D:11)
  2 shadow imps (D:6)
  An ufetubus (D:6)
  An adder zombie (D:3)
  A worm (D:2)
  A dart slug (D:2)
  40 orcs
  3 endoplasms
  A giant cockroach (D:1)
  12 goblins
  8 hobgoblins
  2 jackals (D:4)
  3 quokkas
  7 ball pythons
  3 bats (D:1)
  3 frilled lizards
  3 gnoll skeletons (Ossuary)
  A goblin skeleton (Ossuary)
  8 kobolds
  3 kobold skeletons (Ossuary)
  4 orc skeletons
  7 rats
  11 rat skeletons (Ossuary)
544 creatures vanquished.

Vanquished Creatures (collateral kills)
  An ogre mage (Orc:2)
  A centaur warrior (D:13)
  4 two-headed ogres (Orc:2)
  A troll (D:11)
  2 humans (D:13)
  A warg (Orc:1)
  2 orc warriors (D:11)
  9 ogres
  A kobold brigand (D:11)
  4 orc priests
  11 orcs
37 creatures vanquished.

Vanquished Creatures (others)
  19 fungi
  29 plants
48 creatures vanquished.

Grand Total: 629 creatures vanquished

Notes
Turn   | Place    | Note
-------+----------+-------------------------------------------
     0 | D:1      | pkoi the Draconian Monk began the quest for the Orb.
     0 | D:1      | Reached XP level 1. HP: 19/19 MP: 1/1
   260 | D:1      | Reached XP level 2. HP: 26/26 MP: 2/2
   589 | D:2      | Reached skill level 4 in Unarmed Combat
   693 | D:2      | Reached XP level 3. HP: 31/31 MP: 3/3
  1138 | D:2      | Found Alucsion's Distillery.
  1688 | D:3      | Found Mozitsog's Antique Weapon Boutique.
  1695 | D:3      | Found a faded altar of an unknown god.
  1976 | D:3      | Reached skill level 5 in Unarmed Combat
  1976 | D:3      | Reached XP level 4. HP: 28/38 MP: 4/4
  2321 | D:3      | Found an ornate altar of the Wu Jian Council.
  2480 | D:3      | Noticed Robin
  2513 | D:3      | Killed Robin
  2534 | D:3      | Reached XP level 5. HP: 36/45 MP: 5/5
  3141 | D:3      | Found a basalt altar of Yredelemnul.
  3209 | D:4      | Reached skill level 6 in Unarmed Combat
  3368 | D:4      | Reached XP level 6. HP: 48/51 MP: 6/6
  3376 | D:4      | Reached skill level 7 in Unarmed Combat
  3392 | D:4      | Identified the +1 helmet of Gravitas {Regen+}
  3423 | D:4      | Reached skill level 8 in Unarmed Combat
  3423 | D:4      | Your scales start taking on a pale cyan-grey colour.
  3423 | D:4      | Reached XP level 7. HP: 43/57 MP: 7/7
  3423 | D:4      | Gained mutation: You are immune to the effects of steam.
                  | [Pale Draconian growth]
  3490 | D:4      | Found a sand-covered staircase.
  3496 | Ossuary  | Entered an ossuary
  4266 | D:4      | Found a staircase to the Ecumenical Temple.
  4321 | Temple   | Entered the Ecumenical Temple
  4370 | Temple   | Became a worshipper of the Shining One
  4370 | Temple   | Reached * piety under the Shining One
  4370 | Temple   | Reached ** piety under the Shining One
  4737 | D:5      | Entered Level 5 of the Dungeon
  4737 | D:5      | Noticed Eustachio
  4749 | D:5      | Killed Eustachio
  4750 | D:5      | Reached skill level 9 in Unarmed Combat
  4756 | D:5      | Reached XP level 8. HP: 66/66 MP: 8/8
  4870 | D:5      | Found a glowing silver altar of Zin.
  4934 | D:5      | Found a radiant altar of Vehumet.
  4939 | D:5      | Found a sacrificial altar of Ru.
  4971 | D:5      | Identified a scroll of acquirement
  4971 | D:5      | Acquired a manual of Unarmed Combat
  5241 | D:5      | Reached skill level 10 in Unarmed Combat
  5304 | D:5      | Reached skill level 5 in Fighting
  5791 | D:6      | Found a stormy altar of Qazlal.
  5799 | D:6      | Found a bloodstained altar of Trog.
  5808 | D:6      | Reached skill level 11 in Unarmed Combat
  5924 | D:6      | Reached XP level 9. HP: 75/75 MP: 9/9
  6003 | D:6      | Identified the amulet of Abstinence {Spirit rF- Regen+
                  | rCorr Slay+5}
  6028 | D:6      | Reached skill level 5 in Dodging
  6130 | D:6      | Found a snail-covered altar of Cheibriados.
  6295 | D:6      | Reached *** piety under the Shining One
  6302 | D:6      | Reached skill level 12 in Unarmed Combat
  6555 | D:6      | Found a hazy altar of Hepliaklqana.
  6555 | D:6      | Found a broken altar of Ashenzari.
  7093 | D:2      | Bought a potion of mutation for 104 gold pieces
  7093 | D:2      | Bought a potion of heal wounds for 65 gold pieces
  7093 | D:2      | Bought a potion of degeneration for 13 gold pieces
  7601 | D:7      | Reached skill level 13 in Unarmed Combat
  8366 | D:8      | Found a staircase to the Lair.
  8595 | D:8      | Found a white marble altar of Elyvilon.
  8722 | D:8      | Reached XP level 10. HP: 74/86 MP: 10/10
  8729 | D:8      | Reached skill level 14 in Unarmed Combat
  8889 | D:8      | Noticed a centaur warrior
  8889 | D:8      | Noticed a tengu warrior
  8909 | D:8      | Killed a tengu warrior
  8912 | D:8      | Killed a centaur warrior
  8913 | D:8      | Reached skill level 15 in Unarmed Combat
  9511 | Lair:1   | Entered Level 1 of the Lair of Beasts
  9548 | Lair:1   | Reached **** piety under the Shining One
  9776 | Lair:1   | Noticed a black mamba
  9785 | Lair:1   | Killed a black mamba
 10177 | Lair:1   | Noticed a cane toad
 10191 | Lair:1   | Killed a cane toad
 10192 | Lair:1   | Reached XP level 11. HP: 92/95 MP: 11/11
 10785 | Lair:2   | Reached skill level 16 in Unarmed Combat
 11058 | Lair:2   | Reached skill level 1 in Invocations
 13346 | Lair:3   | Noticed a death yak
 13644 | Lair:3   | Found a staircase to the Shoals.
 13767 | Lair:3   | Reached skill level 17 in Unarmed Combat
 13813 | Lair:3   | Reached XP level 12. HP: 104/104 MP: 14/14
 13949 | Lair:3   | Noticed a four-headed hydra
 13954 | Lair:3   | Killed a four-headed hydra
 14271 | Lair:3   | Killed a death yak
 14762 | Lair:4   | Noticed an eight-headed hydra
 14765 | Lair:4   | Killed an eight-headed hydra
 14953 | Lair:4   | Reached skill level 1 in Evocations
 15027 | Lair:4   | Found a hole to the Spider Nest.
 15129 | Lair:4   | Noticed Snorg
 15150 | Lair:4   | Killed Snorg
 15533 | Lair:4   | Found a hide-covered altar of Uskayaw.
 16811 | Lair:5   | Acquired a manual of Summonings
 16953 | Lair:3   | Got the Catalogue of Ice
 17112 | Lair:5   | Reached skill level 5 in Invocations
 17252 | Lair:5   | Reached skill level 18 in Unarmed Combat
 17548 | Lair:5   | Noticed a five-headed hydra
 17561 | Lair:5   | Killed a five-headed hydra
 17642 | Lair:5   | Reached skill level 10 in Fighting
 18016 | Lair:6   | Entered Level 6 of the Lair of Beasts
 18022 | Lair:6   | Learned a level 4 spell: Summon Ice Beast
 18025 | Lair:6   | Found a viscous altar of Jiyva.
 18026 | Lair:6   | Found a staircase to the Slime Pits.
 18159 | Lair:6   | Reached skill level 1 in Summonings
 18309 | Lair:6   | Reached XP level 13. HP: 113/113 MP: 17/17
 18319 | Lair:6   | Reached skill level 1 in Ice Magic
 18322 | Lair:6   | Reached skill level 1 in Spellcasting
 20000 | Lair:6   | Learned a level 3 spell: Swiftness
 20051 | Lair:6   | Identified the +7 trident of Xom's Supremacy {flame, rN+
                  | Str-2 Int+2}
 20170 | Lair:6   | Reached ***** piety under the Shining One
 20182 | Lair:6   | Reached skill level 5 in Summonings
 20182 | Lair:6   | Reached skill level 1 in Air Magic
 20713 | Lair:6   | Found a corrupted altar of Lugonu.
 20713 | Lair:6   | Found a one-way gate to the infinite horrors of the Abyss.
 21543 | D:9      | Found a shadowy altar of Dithmenos.
 21837 | D:9      | Got Elynydem's Compendium of Earthen Contamination
 22012 | D:10     | Entered Level 10 of the Dungeon
 23161 | D:11     | Noticed Sonja
 23169 | D:11     | Killed Sonja
 23196 | D:11     | You fall into a shaft and drop 2 floors!
 23600 | D:13     | Learned a level 2 spell: Blink
 23606 | D:13     | Learned a level 5 spell: Manifold Assault
 23609 | D:13     | Found Woqef's Magic Scroll Shoppe.
 23616 | D:13     | Bought a scroll of blinking for 82 gold pieces
 23616 | D:13     | Bought a scroll of fear for 38 gold pieces
 23616 | D:13     | Bought a scroll of teleportation for 33 gold pieces
 23616 | D:13     | Bought 2 scrolls of teleportation for 66 gold pieces
 24015 | D:13     | Reached skill level 1 in Translocations
 24015 | D:13     | Reached XP level 14. HP: 64/121 MP: 16/20
 24660 | D:13     | Found the +0 staff of Battle
 24873 | D:13     | Identified the +4 trident "Qauroyrgh" {speed, Str+2}
 24875 | D:13     | Identified the +9 rapier "Jellyslayer" {protect, rPois rC++
                  | Int+3 Dex-3}
 25306 | D:13     | Found a gate to the Vaults.
 25783 | D:11     | Reached skill level 5 in Spellcasting
 25932 | D:11     | Found a staircase to the Orcish Mines.
 27576 | Orc:1    | Entered Level 1 of the Orcish Mines
 27600 | D:11     | Reached skill level 19 in Unarmed Combat
 27963 | Orc:2    | Entered Level 2 of the Orcish Mines
 28120 | Orc:1    | Reached ****** piety under the Shining One
 28306 | Orc:2    | Reached skill level 10 in Summonings
 28736 | Orc:2    | Reached skill level 5 in Translocations
 29405 | Orc:1    | You fall into a shaft and drop 1 floor!
 29406 | Orc:2    | Found Tiuveir's Weapon Boutique.
 29406 | Orc:2    | Found Wubb's Book Shoppe.
 29407 | Orc:2    | Found Utwong's Antique Armour Emporium.
 29407 | Orc:2    | Found Yferra's Antique Armour Boutique.
 29423 | Orc:2    | Bought a runed hat for 224 gold pieces
 29445 | Orc:2    | Reached skill level 10 in Dodging
 29482 | Orc:1    | The Shining One protects you from harm!
 29484 | Orc:1    | HP: 4/121 [two-headed ogre (24)]
 29487 | Orc:1    | Slain by a two-headed ogre

Illustrated notes

Levels and vault maps discovered:
D:1:      wander_arrival_lonely_grave, layout_basic
D:2:      layout_basic, serial_shops, nicolae_square_shop
D:3:      layout_loops_corners, lemuel_zombie_altar_yredelemnul,
          nicolae_overflow_crystal_walls, serial_shops,
          nicolae_shop_overgrown_old_shop, hellmonk_ecumenical_altar_run_dry,
          uniq_robin
D:4:      layout_basic, minmay_temple_entry_proselytizer,
          nicolae_ossuary_entry_catacombs
D:5:      layout_loops_ring, amcnicky_altar_gilded, jmf_multi_god_temple,
          uniq_eustachio
D:6:      layout_loops_ring, gammafunk_temple_overflow_wave, slow_altar_1,
          grunt_temple_overflow_open, minmay_circle_x
D:7:      layout_layer_cave
D:8:      minmay_bloctagon_deflated, layout_basic, mainiacjoe_overflow_catwalk,
          dpeg_oklobed_lair
D:9:      layout_irregular_city, kennysheep_little_box, kennysheep_just_a_vault
D:10:     layout_basic, kennysheep_generic_room_13
D:11:     wander_river, layout_stronghold,
          kennysheep_orc_monster_closet_entryway, uniq_sonja
D:12:     layout_gridville, uniq_azrael, uniq_kirke
D:13:     minmay_the_grid_octo_triangle [minmay_the_grid_octo_chip,
          minmay_the_grid_octo_prize_ultimate_mussel_roller,
          minmay_the_grid_octo_fat_diamond], layout_small_grid,
          grunt_vaults_entry_tiered, serial_shops, nicolae_shop_statue_plus,
          grunt_ministairs_6
Temple:   cyrus_temple_forest
Lair:1:   dragon1_lemuel, layout_regular_city, serial_bayou_shore_b
Lair:2:   layout_cave_pods, chequers_serial_rivers_micro_e, grunt_megastairs_2
Lair:3:   layout_long_grid, shoals_dummy_entry, grunt_megastairs_4,
          lemuel_fruit_tree, serial_bayou_shore_a, minmay_lair_oklob_chamber
Lair:4:   layout_layer_cave, spider_nest_entry_rubble, basic_altar, uniq_snorg
Lair:5:   layout_roguey, infiniplex_staircase_pool_2
Lair:6:   hellmonk_lair_end_abyssal_woods, layout_cave_pods, slime_altar_1
Orc:1:    layout_diamond_mine
Orc:2:    st_orc_ogre_mass, layout_caves, uniq_donald

Skill      XL: |  1  2  3  4  5  6  7  8  9 10 11 12 13 14 |
---------------+-------------------------------------------+-----
Unarmed Combat | 4 5 6 8 9 11 13 15 17 18 19 | 19.2
Dodging        | 3 4 6 7 9 10 | 10.0
Fighting       | 4 5 7 8 9 10 | 10.3
Invocations    | 3 5 6 |  6.7
Evocations     | 3 |  3.0
Summonings     | 1 8 10 | 10.9
Ice Magic      | 4 |  4.2
Spellcasting   | 4 5 |  5.8
Air Magic      | 2 |  2.7
Translocations | 1 5 |  5.3
Stealth        | |  1.7

Action                   |  1- 3 |  4- 6 |  7- 9 | 10-12 | 13-15 || total
-------------------------+-------+-------+-------+-------+-------++-------
Melee: Unarmed           |    82 |    36 |   332 |   438 |   680 ||  1568
       Tailslap          |    17 |    30 |    69 |    78 |    80 ||   274
       Whip              |     9 |    86 |       |       |       ||    95
       Punch             |     3 |     2 |    21 |    29 |    60 ||   115
       Falchion          |       |    14 |       |       |       ||    14
Throw: Dart              |       |       |       |    15 |    14 ||    29
 Cast: Summon Ice Beast  |       |       |       |       |    52 ||    52
Invok: Divine Shield     |       |       |       |     1 |     1 ||     2
 Abil: Breathe Steam     |       |       |     8 |    26 |    53 ||    87
  Use: Scroll            |     3 |       |     8 |     4 |     4 ||    19
       Potion            |       |       |     9 |     4 |     4 ||    17
 Stab: Sleeping          |     9 |     4 |     8 |       |       ||    21
Armor: Skin              |    32 |    43 |    82 |   130 |   288 ||   575
Dodge: Dodged            |    48 |    65 |   177 |   271 |   555 ||  1116
Block: Other             |       |       |       |     4 |    15 ||    19
       Rpst.: Falchion   |       |     1 |       |       |       ||     1
